 Dungeon Crawl Stone Soup version 0.28-a0-265-g048bc9fd10 (webtiles) character file.

Game seed: 2644963154810028601

34 Smaepdii the Archer (level 3, -1/31 HPs)
             Began as a Gnoll Wanderer on Aug 28, 2021.
             Slain by Natasha (3 damage)
             ... on level 2 of the Dungeon.
             The game lasted 00:07:29 (1263 turns).

Smaepdii the Archer (Gnoll Wanderer)                Turns: 1263, Time: 00:07:29

Health: -1/31      AC:  9    Str: 13    XL:     3   Next: 31%
Magic:  4/4        EV:  9    Int: 10    God:
Gold:   57         SH:  0    Dex: 11    Spells: 3/3 levels left

rFire   . . .      SeeInvis .   b - +0 dagger
rCold   . . .      Faith    .   (no shield)
rNeg    . . .      Spirit   .   f - +2 scale mail
rPois   .          Reflect  .   (no helmet)
rElec   .          Harm     .   (no cloak)
rCorr   .          Rampage  .   (no gloves)
Will    .....                   (no boots)
Stlth   ..........              (no amulet)
HPRegen 0.10/turn               (no ring)
MPRegen 0.09/turn               (no ring)

@: about to teleport, slowed, very slow
A: fangs 1, strong nose, distributed training
a: no special abilities


You were on level 2 of the Dungeon.
You visited 1 branch of the dungeon, and saw 2 of its levels.

You collected 57 gold pieces.

Inventory:

Hand Weapons
 a - a +0 shortbow
 b - a +0 dagger (weapon)
Missiles
 c - 19 arrows
 j - 8 curare-tipped darts (quivered)
Armour
 f - a +2 scale mail (worn)
Scrolls
 e - a scroll of identify {unknown}
 g - a scroll of enchant weapon {unknown}
 h - a scroll of holy word {unknown}
Potions
 i - a potion of degeneration {unknown}


   Skills:
 + Level 4.5 Fighting
 + Level 0.7 Short Blades
 + Level 0.7 Long Blades
 + Level 0.7 Axes
 + Level 0.7 Maces & Flails
 + Level 0.7 Polearms
 + Level 0.7 Staves
 + Level 0.7 Slings
 + Level 8.5 Bows
 + Level 0.7 Crossbows
 + Level 0.7 Throwing
 + Level 4.5 Armour
 + Level 0.7 Dodging
 + Level 0.7 Stealth
 + Level 2.6 Shields
 + Level 0.7 Unarmed Combat
 + Level 0.7 Spellcasting
 + Level 0.5 Conjurations
 + Level 0.5 Hexes
 + Level 0.5 Summonings
 + Level 0.5 Necromancy
 + Level 0.5 Translocations
 + Level 0.5 Transmutations
 + Level 0.5 Fire Magic
 + Level 0.5 Ice Magic
 + Level 0.5 Air Magic
 + Level 0.5 Earth Magic
 + Level 0.5 Poison Magic
 + Level 0.9 Invocations
 + Level 2.6 Evocations


You had 3 spell levels left.
You didn't know any spells.
Your spell library contained the following spells:

 Spells                   Type           Power      Damage    Failure   Level
 Foxfire                  Conj/Fire      4%         2x1d4     77%         1
 Conjure Flame            Conj/Fire      1%         6-21      98%         3
 Inner Flame              Hex/Fire       1%         N/A       98%         3


Dungeon Overview and Level Annotations

Branches:
Dungeon (2/15)

Altars:

Annotations:
D:2 Natasha


Innate Abilities, Weirdness & Mutations

You have very sharp teeth.
Your uncanny sense of smell can sniff out nearby items.
Your experience applies equally to all skills.


Message History

Natasha glows brightly for a moment.
Natasha claws you.
You hit Natasha but do no damage.
Natasha is lightly wounded.
Natasha closely misses you. Natasha casts a spell at you.
You feel as though you will be slow longer.
You hit Natasha.
Natasha is moderately wounded.
Natasha claws you.
You closely miss Natasha.
Natasha is moderately wounded.
Natasha casts a spell.
You closely miss Natasha.
Natasha is moderately wounded.
Natasha stares at you and mumbles some strange words.
The magic dart hits you but does no damage.
Natasha claws you!
You barely miss Natasha.
Natasha is moderately wounded.
Natasha claws you. The iron imp misses you.
You hit Natasha but do no damage.
Natasha is moderately wounded.
Natasha claws you.
* * * LOW HITPOINT WARNING * * *
The iron imp hits you but does no damage.
Natasha claws you but does no damage.
The iron imp hits you but does no damage.
Natasha stares at you and mumbles some strange words.
You resist with significant effort. Natasha closely misses you.
The iron imp picks up a beetle and eats it.
The iron imp hits you!
* * * LOW HITPOINT WARNING * * *
Natasha casts a spell.
The iron imp hits you but does no damage.
Okay, then.
As you read the scroll of teleportation, it crumbles to dust.
You feel strangely unstable. Natasha claws you.
You die...

#### (....####
.(......##########
#.....##.).#
#.....##...#
#h55..##...#
#@######...#####
#.# #.......#
#.######....####
##...........#
#............#
###............#
...............#
###........)...#
## #............#
#.


You could see an iron imp (summoned), Natasha and a white imp (summoned).

Vanquished Creatures
  A dart slug (D:2)
  A bat (D:1)
  6 giant cockroaches
  6 goblins
  A hobgoblin (D:1)
  2 quokkas (D:1)
  4 ball pythons
  3 kobolds
  3 rats
27 creatures vanquished.

Notes
Turn   | Place    | Note
-------+----------+-------------------------------------------
     0 | D:1      | Smaepdii the Gnoll Wanderer began the quest for the Orb.
     0 | D:1      | Smaepdii set off with the following items: a +0 shortbow, a
                  | +2 scale mail, 27 arrows, a scroll of teleportation
     0 | D:1      | Reached XP level 1. HP: 20/20 MP: 1/1
   169 | D:1      | Reached XP level 2. HP: 26/26 MP: 2/2
  1029 | D:2      | Reached XP level 3. HP: 29/31 MP: 3/3
  1246 | D:2      | Noticed Natasha
  1261 | D:2      | HP: 1/31 [iron imp[Natasha] (8)]
  1263 | D:2      | Slain by Natasha

Illustrated notes

Levels and vault maps discovered:
D:1:      dpeg_arrival_arbitrary_c, layout_basic
D:2:      layout_basic, hellmonk_ecumenical_altar_watching_god, uniq_natasha,
          uniq_terence

Action                   || total
-------------------------++-------
Melee: Dagger            ||    66
       Bite              ||     5
 Fire: Shortbow          ||    65
  Use: Scroll            ||     1
Armor: Scale mail        ||    37
Dodge: Dodged            ||    39

Table legend: (Time is in decaauts)
 A = Elapsed time spent in this place.
 B = Non-inter-level travel time spent in this place.
 C = Inter-level travel time spent in this place.
 D = Time resting spent in this place.
 E = Time spent auto-exploring this place.
 F = Levels seen in this place.
 G = Mean time per level.
                   A        B        C        D        E       F      G
               +--------+--------+--------+--------+--------+-----+--------+
         Total |   1245 |   1238 |      7 |    111 |    850 |   2 |  622.5 |
       Dungeon |   1245 |   1238 |      7 |    111 |    850 |   2 |  622.5 |
               +--------+--------+--------+--------+--------+-----+--------+

Top non-repeatable levels by time:
     D:1: 943 daAuts
     D:2: 301 daAuts
